 Dungeon Crawl Stone Soup version 0.29-a0-414-g5075937ec3 (webtiles) character file.

Game seed: 4097032896708920602

100 xian the Cutter (level 4, -1/28 HPs)
             Began as a Vampire Monk on May 15, 2022.
             Slain by a hobgoblin (2 damage)
             ... on level 3 of the Dungeon.
             The game lasted 00:15:17 (1927 turns).

xian the Cutter (Vampire Monk)                      Turns: 1927, Time: 00:15:18

Health: -1/28      AC:  3    Str: 10    XL:     4   Next: 46%
Magic:  0/4        EV: 13    Int: 12    God:
Gold:   59         SH:  0    Dex: 18    Spells: 3/3 levels left

rFire   . . .      SeeInvis +   o - +1 dagger (speed)
rCold   + + .      Faith    .   (no shield)
rNeg    + + +      Spirit   +   s - +0 leather armour
rPois   ∞          Reflect  .   (no helmet)
rElec   .          Harm     .   (no cloak)
rCorr   +          Rampage  .   (no gloves)
Will    .....                   (no boots)
Stlth   +++++.....              q - amulet of guardian spirit
HPRegen 0.00/turn               f - ring of resist corrosion
MPRegen 0.09/turn               (no ring)

@: bloodless, inhibited regen
A: bloodless, fangs 3, see invisible, vampiric 2
a: Bat Form, Revivify


You were on level 3 of the Dungeon.
You visited 1 branch of the dungeon, and saw 3 of its levels.

You collected 59 gold pieces.

Inventory:

Hand Weapons
 o - a +1 dagger of speed (weapon)
Armour
 b - a +0 robe
 s - a +0 leather armour (worn)
Jewellery
 f - a ring of resist corrosion (left hand)
 q - an amulet of guardian spirit (around neck)
Scrolls
 d - a scroll of amnesia {unknown}
 e - 3 scrolls of teleportation {unknown}
 i - a scroll of silence {unknown}
 j - a scroll of magic mapping {unknown}
 k - a scroll of fear {unknown}
 l - 3 scrolls of poison {unknown}
 n - a scroll of torment {unknown}
 p - a scroll of fog {unknown}
 t - 5 scrolls of blinking {unknown}
 u - a scroll of identify {unknown}
 v - a scroll of immolation {unknown}
Potions
 a - a potion of resistance {unknown}
 c - a potion of ambrosia
 g - a potion of haste {unknown}
 h - a potion of berserk rage {unknown}
 r - a potion of mutation {unknown}


   Skills:
 + Level 3.2 Fighting
 + Level 4.2 Short Blades
 + Level 0.3 Throwing
 + Level 0.3 Armour
 + Level 4.1 Dodging
 + Level 3.8 Stealth


You had 3 spell levels left.
You didn't know any spells.
Your spell library contained the following spells:

 Spells                   Type           Power      Damage    Failure   Level
 Sandblast                Erth           0%         2d4       41%         1
 Ensorcelled Hibernation  Hex/Ice        0%         N/A       56%         2
 Passwall                 Tmut/Erth      0%         N/A       56%         2
 Spider Form              Tmut/Pois      0%         N/A       80%         3
 Stone Arrow              Conj/Erth      0%         3d7       80%         3
 Anguish                  Hex/Necr       0%         N/A       99%         4


Dungeon Overview and Level Annotations

Branches:
Dungeon (3/15)

Altars:


Innate Abilities, Weirdness & Mutations

You do not regenerate when monsters are visible.
You are frail without blood (-20% HP).
You can heal yourself when you bite living creatures.
You are immune to poison.
You have razor-sharp teeth.
You have supernaturally acute eyesight. (SInv)
You are afflicted with vampirism and can become a bat while bloodless.


Message History

You throw a datura-tipped dart.
The datura-tipped dart closely misses the hobgoblin.
The hobgoblin misses you. The ice beast barely misses you.
You barely miss the hobgoblin. The hobgoblin barely misses you.
The ice beast attacks as you move away! The ice beast misses you.
The ice beast attacks as you move away!
The ice beast hits you but does no damage.
The hobgoblin attacks as you move away! The hobgoblin hits you.
* * * LOW HITPOINT WARNING * * *
The hobgoblin hits you.
Keep bloodletting? [Y]es or [N]o only, please.
Keep bloodletting?
* * * LOW HITPOINT WARNING * * *
You begin bloodletting.
You continue bloodletting.
The hobgoblin hits you.
* * * LOW HITPOINT WARNING * * *
You continue bloodletting.
The hobgoblin misses you.
You continue bloodletting.
The hobgoblin hits you.
* * * LOW HITPOINT WARNING * * *
You continue bloodletting.
The hobgoblin misses you.
You continue bloodletting.
The hobgoblin hits you.
* * * LOW HITPOINT WARNING * * *
You become bloodless.
The hobgoblin attacks as you move away! The hobgoblin misses you.
You barely miss the hobgoblin. You punch the hobgoblin.
Your bite misses the hobgoblin.
The hobgoblin is heavily wounded.
You hit the hobgoblin.
You bite the hobgoblin, but do no damage.
The hobgoblin is almost dead.
The hobgoblin hits you.
* * * LOW HITPOINT WARNING * * *
The ice beast attacks as you move away! The ice beast barely misses you.
The hobgoblin hits you.
You die...

#........#.##......
#...##....##.#....#
#...#.....#.#.####.
##...#......#.##..##
.............##....#
.##.#.#...........[.. .
#.#Y##.............
##..g........##....# #
##..@###.....#.##..##
#.#(....##..†.#.#.####.
#.....((.#....##.#....#
##((..(..)...#.##......
#^......(..#.#........
##......#..##.........
#....#.#.#...........
#.##.#.#.............
#. .....#######......


You could see an ice beast and a hobgoblin.

Vanquished Creatures
  An orc wizard (D:3)
  3 worms (D:2)
  A dart slug (D:3)
  3 orcs (D:3)
  3 bats (D:1)
  4 endoplasms
  A giant cockroach (D:2)
  8 goblins
  4 hobgoblins
  8 jackals (D:3)
  A quokka (D:1)
  4 ball pythons
  7 frilled lizards
  4 kobolds
  2 rats
54 creatures vanquished.

Vanquished Creatures (collateral kills)
  An orc (D:3)
  A rat (D:1)
2 creatures vanquished.

Vanquished Creatures (others)
  A giant cockroach (D:3)
1 creature vanquished.

Grand Total: 57 creatures vanquished

Notes
Turn   | Place    | Note
-------+----------+-------------------------------------------
     0 | D:1      | xian the Vampire Monk began the quest for the Orb.
     0 | D:1      | Reached XP level 1. HP: 17/17 MP: 1/1
    91 | D:1      | Reached XP level 2. HP: 14/23 MP: 2/2
   927 | D:2      | Gained mutation: You are afflicted with vampirism and can
                  | become a bat while bloodless. [Vampire growth]
   927 | D:2      | Reached XP level 3. HP: 16/29 MP: 1/3
  1625 | D:3      | Reached XP level 4. HP: 18/35 MP: 0/4
  1892 | D:3      | Noticed an ice beast
  1926 | D:3      | HP: 1/28 [hobgoblin (1)]
  1927 | D:3      | Slain by a hobgoblin

Illustrated notes

Levels and vault maps discovered:
D:1:      lightli_arrival_flooded_house, layout_rooms, minivault_14,
          chequers_serial_rivers_small_b, nicolae_figureground_pulse
D:2:      layout_loops_ring, minmay_misc_feat_four_crosses
D:3:      layout_loops_ring, nicolae_ru_path_of_blood,
          chequers_serial_rivers_small_3, minmay_misc_feat_secret_circle,
          chequers_serial_rivers_micro_e, grunt_decor_one_mirror,
          kennysheep_generic_room_14, uniq_terence, uniq_ijyb

Skill      XL: |  1  2  3 |
---------------+----------+-----
Fighting       | 3 |  3.2
Short Blades   | 4 |  4.2
Dodging        | 4 |  4.1
Throwing       | |  0.3
Armour         | |  0.3
Stealth        | |  3.8

Action                   |  1- 3 |  4- 6 || total
-------------------------+-------+-------++-------
Melee: Short sword       |    37 |       ||    37
       Dagger            |   116 |    46 ||   162
       Bite              |    16 |     5 ||    21
       Punch             |     3 |     1 ||     4
Throw: Dart              |    11 |    17 ||    28
 Abil: Exsanguinate      |       |     1 ||     1
 Stab: Sleeping          |     4 |       ||     4
Armor: Robe              |    14 |       ||    14
       Leather armour    |     7 |     6 ||    13
Dodge: Dodged            |    63 |    35 ||    98

Table legend: (Time is in decaauts)
 A = Elapsed time spent in this place.
 B = Non-inter-level travel time spent in this place.
 C = Inter-level travel time spent in this place.
 D = Time resting spent in this place.
 E = Time spent auto-exploring this place.
 F = Levels seen in this place.
 G = Mean time per level.
                   A        B        C        D        E       F      G
               +--------+--------+--------+--------+--------+-----+--------+
         Total |   1849 |   1799 |     50 |      0 |   1030 |   3 |  616.3 |
       Dungeon |   1849 |   1799 |     50 |      0 |   1030 |   3 |  616.3 |
               +--------+--------+--------+--------+--------+-----+--------+

Top non-repeatable levels by time:
     D:1: 746 daAuts
     D:2: 720 daAuts
     D:3: 382 daAuts
